 Dungeon Crawl Stone Soup version 0.16.2-12-gd0ad4c3 (webtiles) character file.

206108 Peloso the Hoplite (level 18, -1/166 HPs)
             Began as a Minotaur Fighter on Oct 16, 2015.
             Was a High Priest of Okawaru.
             Slain by a ghost moth (7 damage)
             ... on level 3 of the Spider Nest on Oct 17, 2015.
             The game lasted 03:31:05 (45491 turns).

Peloso the Hoplite (Minotaur Fighter)              Turns: 45491, Time: 03:31:05

Health: -1/166     AC: 25    Str: 29 (31) XL:     18   Next: 43%
Magic:  0/22       EV: 23    Int: -1 (1)  God:    Okawaru [*****.]
Gold:   2795       SH: 25    Dex: 20 (22) Spells: 0 memorised, 17 levels left

rFire  . . .     SeeInvis .     X - +9 long sword "Hagrej" {freeze, rPois MR- Str+2}
rCold  . . .     Clarity  .     O - quicksilver dragon armour
rNeg   + . .     SustAb   .     M - +0 large shield of Schimn {Str+3}
rPois  +         Gourm    +     W - +2 hat {MR+}
rElec  +         Spirit   .     R - +2 cloak
rCorr  .         Warding  .     (no gloves)
rMut   .         Stasis   .     K - +2 pair of boots {Fly}
MR     +++..                    S - amulet of the gourmand
Stlth  ++........               G - ring "Azuxt" {rPois rF- rC+ MP+9 Dex+2}
                                H - ring of the Omega Point {Fire rElec rN+ Int-4 Dex+7 Slay+3}

@: flying, very slightly contaminated, lost intelligence, very slow, extremely
resistant to hostile enchantments, unstealthy
A: retaliatory headbutt, horns 2, magic resistance 1, spit poison 1
a: Spit Poison, Heroism, Finesse, Renounce Religion, Stop Flying


You were on level 3 of the Spider Nest.
You worshipped Okawaru.
Okawaru was extremely pleased with you.
You were full.

You visited 6 branches of the dungeon, and saw 35 of its levels.
You visited the Abyss 1 time.
You also visited: Labyrinth, Bailey, Ice Cave and Wizlab.

You collected 4040 gold pieces.
You spent 1245 gold pieces at shops.

Inventory:

Hand weapons
 j - the +10 falchion of Vumafuf {venom, Int+2}
   (You found it on level 5 of the Dungeon)

   It poisons the flesh of those it strikes.
   It affects your intelligence (+2).
 I - a +2 scimitar of flaming
 U - the +14 plutonium sword {Contam Stlth-}
   (You found it on level 3 of the Elven Halls)

   It causes magical contamination when unequipped.
   It makes you less stealthy.
 X - the +9 long sword "Hagrej" (weapon) {freeze, rPois MR- Str+2}
   (You found it on level 3 of the Elven Halls)

   It has been specially enchanted to freeze those struck by it, causing extra
   injury to most foes and up to half again as much damage against particularly
   susceptible opponents.
   It can also slow down cold-blooded creatures.
   It affects your strength (+2).
   It protects you from poison.
   It affects your resistance to hostile enchantments.
Armour
 o - a +1 chain mail of poison resistance
 K - a +2 pair of boots of flying (worn)
 M - the +0 large shield of Schimn (worn) {Str+3}
   (Okawaru gifted it to you on level 15 of the Dungeon)

   It affects your strength (+3).
 O - a quicksilver dragon armour (worn)
 R - a +2 cloak (worn)
 W - a +2 hat of magic resistance (worn)
Jewellery
 y - an uncursed ring of positive energy
 C - an uncursed amulet of guardian spirit
 E - the ring "Inainnia" {rElec Str+5}
   (You found it on level 12 of the Dungeon)

   [ring of strength]

   It affects your strength (+5).
   It insulates you from electricity.
 F - an uncursed ring of see invisible
 G - the ring "Azuxt" (right hand) {rPois rF- rC+ MP+9 Dex+2}
   (You found it on level 3 of the Elven Halls)

   [ring of poison resistance]

   It affects your dexterity (+2).
   It makes you vulnerable to fire.
   It protects you from cold.
   It protects you from poison.
   It affects your magic capacity (+9).
 H - the ring of the Omega Point (left hand) {Fire rElec rN+ Int-4 Dex+7 Slay+3}
   (You bought it in a shop on level 4 of the Orcish Mines)

   [ring of fire]

   It enhances your fire magic, and weakens your ice magic.
   It affects your intelligence (-4).
   It affects your dexterity (+7).
   It affects your accuracy and damage with ranged weapons and melee attacks
   (+3).
   It protects you from fire.
   It makes you vulnerable to cold.
   It insulates you from electricity.
   It protects you from negative energy.
 S - an amulet of the gourmand (around neck)
Magical devices
 a - a wand of fire (6)
 n - a wand of digging (19)
 q - a wand of magic darts (24)
 t - a wand of disintegration (21)
 z - a wand of teleportation (6)
 D - a wand of polymorph (19)
 J - a wand of confusion (26)
 Q - a wand of flame (20)
 Y - a wand of draining (5)
Scrolls
 c - 2 scrolls of fear
 f - 2 scrolls of recharging
 h - a scroll of fog
 i - 4 scrolls of magic mapping
 l - 2 scrolls of enchant weapon
 r - 12 scrolls of remove curse
 u - 2 scrolls of blinking
 x - 11 scrolls of identify
 A - a scroll of amnesia
 L - a scroll of silence
 P - 3 scrolls of teleportation
 Z - a scroll of enchant armour
Potions
 e - 5 potions of might
 m - 8 potions of restore abilities
 p - 5 potions of agility
 s - 3 potions of heal wounds
 v - 9 potions of resistance
 w - 7 potions of curing
 B - 4 potions of haste
 V - a potion of brilliance
Books
 N - a book of Annihilations {highlevel, unknown}

   This book is beyond your current level of understanding.

   Spells                             Type                      Level
   a - Poison Arrow                   Conjuration/Poison           6
   b - Chain Lightning                Conjuration/Air              8
   c - Lehudib's Crystal Spear        Conjuration/Earth            8
   d - Glaciate                       Conjuration/Ice              9
   e - Fire Storm                     Conjuration/Fire             9
Comestibles
 b - 11 meat rations
 d - 24 bread rations
 g - 11 beef jerkies
 k - 42 fruits


   Skills:
 + Level 15.8 Fighting
 + Level 19.0 Long Blades
 + Level 13.9 Armour
 + Level 13.7 Dodging
 + Level 4.2 Stealth
 + Level 21.7 Shields
 + Level 1.3 Unarmed Combat
 + Level 2.4 Invocations


You had 17 spell levels left.
You didn't know any spells.

Dungeon Overview and Level Annotations

Branches:
Dungeon (15/15)            Temple (1/1) D:7            Lair (8/8) D:8
 Shoals (0/5) Lair:5       Spider (4/5) Lair:4        Slime (0/6) Lair:7
    Orc (4/4) D:12            Elf (3/3) Orc:3        Vaults (0/5) D:14
 Depths (0/5) D:15

Altars:
Ashenzari
Cheibriados
Dithmenos
Fedhas
Gozag
Kikubaaqudgha
Makhleb
Nemelex Xobeh
Okawaru
Qazlal
Ru
Trog
Vehumet
Xom
Yredelemnul
Zin
Beogh
Jiyva

Shops:
D:6 :   D:7 [   D:10 *   Orc:4 =[*(


Innate Abilities, Weirdness & Mutations

You reflexively headbutt those who attack you in melee.
You have a pair of horns on your head.
You are resistant to hostile enchantments.
You can spit poison.


Message History

The demonic crawler hits you but does no damage. x2
Something completely misses you. Something closely misses you.
Something misses you.
The demonic crawler hits you but does no damage. x2
The demonic crawler closely misses you. You block the wolf spider's attack.
You block the wolf spider's attack. Something hits you.
* * * LOW HITPOINT WARNING * * *
You feel dopey.
You convulse from lack of intelligence!
* * * LOW HITPOINT WARNING * * *
Something closely misses you.
Something stings you but does no damage.
The demonic crawler misses you. You furiously retaliate!
You headbutt the demonic crawler. You block the demonic crawler's attack.
The demonic crawler hits you but does no damage.
The wolf spider closely misses you.
The wolf spider bites you but does no damage.
You feel you are being watched by something.
Something hits you!
You die...

#......##.........##...
###..^###........###.^.
###.# ##.......##....
##.######.....###....
#.#...#####...#.^....
##......###..........
#...........####.....
#....s......###......
##..@s.......##......
#...........^##...†.
#...........^##....#
#....<......##^#####
#.........####^#####
##.......####.....##
#......^...[.....##
###.#####.#........#
##...# #..........#


You could see a demonic crawler and a wolf spider.

Vanquished Creatures
  Saint Roka (Orc:4)
  2 deep elf blademasters (Elf:3)
  2 deep elf master archers (Elf:3)
  Kirke (Elf:2)
  9 draconian monks (WizLab)
  9 deep elf sorcerers (Elf:3)
  The ghost of Musteatbrain the Cleaver, a powerful DsCK of Xom (D:15)
  7 deep elf demonologists
  7 deep elf annihilators (Elf:3)
  A dire elephant (Lair:8)
  10 deep elf death magi
  An orange crystal statue (WizLab)
  5 deep elf high priests
  A vault guard (D:14)
  A great orb of eyes (D:15)
  A minotaur (Lab)
  Harold (D:14)
  2 catoblepae
  5 monstrous demonspawn (WizLab)
  13 death yaks
  17 dancing weapons (Elf:2)
  6 hydras
  A centaur warrior (D:15)
  A deep troll shaman (Lair:8)
  An orc high priest (Orc:4)
  Urug (D:12)
  A thrashing horror (D:12)
  Nergalle (D:13)
  12 deep trolls (WizLab)
  22 deep elf knights
  3 wizards (D:14)
  A giant orange brain (D:15)
  15 deep elf summoners
  Erolcha (D:13)
  6 unseen horrors
  6 orc knights
  3 ice statues (IceCv)
  A glowing shapeshifter (Spider:1)
  2 harpies (Elf:2)
  6 ugly things
  A necromancer (D:14)
  21 deep elf conjurers
  8 hill giants
  12 orb spiders
  A salamander (shapeshifter) (D:15)
  10 wolf spiders
  2 moths of wrath
  5 orc sorcerers
  3 manticores
  2 griffons
  A hornet (Spider:3)
  2 sixfirhies
  6 elephants (Lair:8)
  7 cyclopes
  5 black mambas
  Joseph (D:7)
  2 gargoyles
  2 torpor snails
  8 spiny frogs
  3 fire drakes
  8 komodo dragons
  A yaktaur (D:12)
  An elf (shapeshifter) (Elf:3)
  6 demonic crawlers
  A komodo dragon (shapeshifter) (D:15)
  2 kobold demonologists (D:14)
  2 efreet
  9 trolls
  A small abomination (Elf:2)
  A tormentor (Elf:3)
  4 red devils (D:15)
  11 jumping spiders
  17 deep elf priests
  2 freezing wraiths
  Sonja (D:12)
  4 polar bears
  Grinder (D:3)
  14 slime creatures
  Prince Ribbit (D:8)
  A harpy skeleton (D:14)
  3 two-headed ogres
  A raiju (Abyss:1)
  A blink frog (shapeshifter) (D:15)
  A snapping turtle (Spider:1)
  29 blink frogs
  2 wraiths
  3 basilisks
  4 hogs (Elf:2)
  A shadow (D:14)
  36 deep elf magi
  A hippogriff (shapeshifter) (D:15)
  32 redbacks
  44 yaks
  A steam dragon (D:9)
  9 trapdoor spiders
  21 humans
  9 vampire mosquitoes
  7 hippogriffs
  4 wyverns
  Grum (D:8)
  16 tarantellas
  40 deep elf fighters
  A golden eye (Spider:1)
  9 wolves
  2 mottled dragons (D:15)
  6 hungry ghosts
  Edmund (Orc:1)
  A warg (Orc:4)
  2 soldier ants (D:12)
  12 water moccasins
  The ghost of xt4zy the Sneak, an average VSAs (D:3)
  43 orc warriors
  A necrophage (D:11)
  2 sky beasts
  4 wasps
  18 ice beasts
  14 porcupines
  26 spiders
  A hornet simulacrum (D:14)
  4 black bears
  An eye of draining (D:12)
  3 phantoms
  A black bear (shapeshifter) (Elf:2)
  13 ogres
  A boring beetle (Spider:2)
  13 centaurs
  A boggart (shapeshifter) (D:15)
  A gnoll sergeant (D:6)
  13 crocodiles
  3 big kobolds
  27 giant frogs
  A wyvern zombie (D:7)
  6 scorpions
  26 killer bees
  A water moccasin skeleton (D:9)
  6 wights
  2 centaur zombies
  A quasit (D:7)
  15 crimson imps
  10 hounds
  A goliath beetle (D:6)
  4 human zombies (D:14)
  6 jellies
  31 orc priests
  4 giant frog zombies
  8 centaur skeletons
  2 giant frog skeletons (D:7)
  A human skeleton (D:14)
  11 worker ants
  10 hell rats
  15 iguanas
  38 orc wizards
  16 sheep
  Jessica (D:3)
  A killer bee zombie (D:6)
  Terence (D:3)
  2 hound skeletons
  A mummy (D:10)
  3 worker ant zombies
  24 adders
  21 gnolls
  76 river rats
  2 white imps
  7 shadow imps
  4 worms
  3 giant mites
  9 giant geckos
  2 oozes (D:5)
  220 orcs
  A ball python (D:5)
  A bat skeleton (D:5)
  10 giant cockroaches
  22 goblins
  18 hobgoblins
  10 jackals
  17 quokkas
  19 bats
  A giant gecko skeleton (D:6)
  A giant newt (D:1)
  A giant spore (D:14)
  2 jackal zombies (D:7)
  18 kobolds
  5 orc zombies
  A quokka skeleton (D:4)
  14 rats
  8 crawling corpses
  6 fungi
  4 plants
1619 creatures vanquished.

Vanquished Creatures (others)
  A deep elf knight (Elf:1)
  A trapdoor spider (Spider:3)
  A human (Elf:2)
  6 lost souls
  A crimson imp (Abyss:1)
  A hell rat (Elf:3)
  A goblin (D:5)
  An orc zombie (Orc:4)
  7 fungi
  5 plants (Lair:8)
25 creatures vanquished.

Grand Total: 1644 creatures vanquished

Notes
Turn   | Place    | Note
--------------------------------------------------------------
     0 | D:1      | Peloso, the Minotaur Fighter, began the quest for the Orb.
     0 | D:1      | Reached XP level 1. HP: 19/19 MP: 1/1
    56 | D:1      | Reached XP level 2. HP: 5/27 MP: 1/1
    85 | D:1      | Reached skill level 4 in Fighting
   825 | D:2      | Reached XP level 3. HP: 33/33 MP: 2/2
  1005 | D:2      | Reached XP level 4. HP: 38/41 MP: 2/2
  1334 | D:2      | Reached skill level 1 in Dodging
  1516 | D:3      | Noticed Terence
  1516 | D:3      | Noticed Jessica
  1533 | D:3      | Killed Terence
  1535 | D:3      | Killed Jessica
  1629 | D:3      | Reached XP level 5. HP: 47/47 MP: 2/2
  1642 | D:3      | Noticed xt4zy's ghost (average VSAs)
  1658 | D:3      | Killed xt4zy's ghost
  1658 | D:3      | Reached skill level 5 in Fighting
  1658 | D:3      | Reached skill level 5 in Shields
  1701 | D:3      | Reached XP level 6. HP: 37/56 MP: 3/3
  1851 | D:3      | Noticed Grinder
  1858 | D:3      | Paralysed by Grinder for 5 turns
  1879 | D:3      | Killed Grinder
  1879 | D:3      | Reached skill level 5 in Armour
  2149 | D:4      | Reached XP level 7. HP: 49/61 MP: 3/3
  2179 | D:4      | Found a blossoming altar of Fedhas.
  2660 | D:4      | Found a radiant altar of Vehumet.
  3108 | D:4      | Noticed a moth of wrath
  3110 | D:4      | Found a bloodstained altar of Trog.
  3191 | D:5      | Entered Level 5 of the Dungeon
  3213 | D:5      | Reached skill level 6 in Shields
  3233 | D:5      | Found a shimmering altar of Xom.
  3243 | D:5      | Reached skill level 5 in Long Blades
  3540 | D:5      | Reached XP level 8. HP: 42/70 MP: 3/3
  3625 | D:5      | Got an ichor-stained falchion
  3626 | D:5      | Identified the +10 falchion of Vumafuf {venom, Int+2} (You found it on level 5 of the Dungeon)
  3652 | D:5      | Reached skill level 7 in Shields
  3755 | D:5      | Found a shadowy altar of Dithmenos.
  3956 | D:6      | Found Klaura's Book Shoppe.
  4556 | D:6      | Reached skill level 8 in Shields
  5138 | D:7      | Reached XP level 9. HP: 71/79 MP: 4/4
  5463 | D:7      | Found Ydiutuug's Armour Shoppe.
  5616 | D:7      | Found a staircase to the Ecumenical Temple.
  5623 | Temple   | Entered the Ecumenical Temple
  5641 | Temple   | Became a worshipper of Warmaster Okawaru
  5697 | D:7      | Noticed Joseph
  5715 | D:7      | Killed Joseph
  5715 | D:7      | Reached skill level 9 in Shields
  5818 | D:7      | Acquired Okawaru's first power
  6127 | D:8      | Found a staircase to the Lair.
  6130 | D:8      | Noticed a fire drake
  6141 | D:8      | Killed a fire drake
  6195 | D:8      | Reached XP level 10. HP: 67/89 MP: 4/4
  6196 | D:8      | Noticed Grum
  6207 | D:8      | Killed Grum
  6260 | D:8      | Noticed Prince Ribbit
  6294 | D:8      | Killed Prince Ribbit
  6294 | D:8      | Reached skill level 5 in Dodging
  6294 | D:8      | Reached skill level 10 in Shields
  6540 | D:8      | Found a sparkling altar of Nemelex Xobeh.
  6819 | D:9      | Noticed an unseen horror
  6835 | D:9      | Killed an unseen horror
  6861 | D:9      | Found a radiant altar of Vehumet.
  7126 | D:9      | Got a polished trident
  7127 | D:9      | Identified the +5 trident "Vefamips" {pain, rF+} (You found it on level 9 of the Dungeon)
  7146 | D:9      | Reached skill level 11 in Shields
  7453 | D:10     | Entered Level 10 of the Dungeon
  7646 | D:10     | Reached skill level 10 in Armour
  7646 | D:10     | Reached XP level 11. HP: 74/97 MP: 4/4
  7792 | D:10     | Found Qiasubuq's Assorted Antiques.
  7808 | D:10     | Acquired Okawaru's second power
  8218 | D:10     | Noticed a catoblepas
  8244 | D:10     | Killed a catoblepas
  8244 | D:10     | Reached skill level 10 in Long Blades
  8256 | D:10     | Noticed a hill giant
  8264 | D:10     | Killed a hill giant
  8450 | D:10     | Reached skill level 10 in Fighting
  8603 | D:11     | Found a labyrinth entrance.
  8642 | Lab      | Entered a labyrinth
  8891 | Lab      | Noticed a minotaur
  8904 | Lab      | Killed a minotaur
  8904 | Lab      | Reached skill level 12 in Shields
  9162 | Lab      | Got a scorched chain mail
  9495 | Temple   | Identified the cursed -3 chain mail of Beogh's Esteem {Str+2} (You took it off a minotaur in a labyrinth)
 10276 | D:11     | Reached skill level 1 in Unarmed Combat
 10509 | D:12     | Received a gift from Okawaru
 10646 | D:12     | Noticed Urug
 10667 | D:12     | Killed Urug
 10667 | D:12     | Reached skill level 13 in Shields
 10719 | D:12     | Found a stormy altar of Qazlal.
 10720 | D:12     | Noticed a hill giant
 10734 | D:12     | Noticed an unseen horror
 10746 | D:12     | Killed an unseen horror
 11087 | D:12     | Found a staircase to the Orcish Mines.
 11094 | D:12     | Received a gift from Okawaru
 11094 | D:12     | Reached XP level 12. HP: 108/108 MP: 5/5
 11134 | D:12     | Noticed a hill giant
 11134 | D:12     | Killed a hill giant
 11145 | D:12     | Killed a hill giant
 11495 | D:12     | Got a pitted granite ring
 11538 | D:12     | Identified the ring "Inainnia" {rElec Str+5} (You found it on level 12 of the Dungeon)
 11732 | D:12     | Noticed a hill giant
 11741 | D:12     | Noticed Sonja
 11744 | D:12     | Killed a hill giant
 12602 | D:12     | Noticed a hill giant
 12616 | D:12     | Killed a hill giant
 12622 | D:12     | Noticed an unseen horror
 12630 | D:12     | Killed an unseen horror
 12630 | D:12     | Received a gift from Okawaru
 12633 | D:12     | Got a heavily runed shield {god gift}
 12644 | D:12     | Identified the +3 shield of the Special Ships {+Inv Str-5 Dex+4 SInv} (Okawaru gifted it to you on level 12 of the Dungeon)
 12850 | D:12     | Reached skill level 14 in Shields
 12992 | D:12     | Cast into the Abyss (Sonja)
 13059 | Abyss:1  | Noticed a green death
 13061 | D:12     | Escaped the Abyss
 13085 | D:12     | Killed Sonja
 13813 | D:13     | Noticed Nergalle
 13822 | D:13     | Killed Nergalle
 14485 | D:13     | Reached XP level 13. HP: 75/117 MP: 6/6
 14715 | D:13     | Noticed Erolcha
 14722 | D:13     | Killed Erolcha
 15417 | D:14     | Reached skill level 15 in Shields
 15449 | D:14     | Received a gift from Okawaru
 15615 | D:14     | Found a gate to the Vaults.
 15815 | D:14     | Noticed Harold
 15829 | D:14     | Killed Harold
 15829 | D:14     | Received a gift from Okawaru
 16451 | D:15     | Entered Level 15 of the Dungeon
 16606 | D:15     | Reached skill level 1 in Invocations
 16663 | D:15     | Reached skill level 16 in Shields
 16754 | D:15     | Noticed Musteatbrain's ghost (powerful DsCK)
 16790 | D:15     | Killed Musteatbrain's ghost
 16790 | D:15     | Received a gift from Okawaru
 16790 | D:15     | Reached XP level 14. HP: 93/127 MP: 6/7
 16812 | D:15     | Got a distressingly furry large shield {god gift}
 16823 | D:15     | Identified the +0 large shield of Schimn {Str+3} (Okawaru gifted it to you on level 15 of the Dungeon)
 17925 | D:15     | Found a staircase to the Depths.
 18248 | Orc:1    | Entered Level 1 of the Orcish Mines
 18535 | Orc:1    | Noticed Edmund
 18543 | Orc:1    | Killed Edmund
 19186 | Orc:3    | Found a staircase to the Elven Halls.
 19309 | Orc:3    | Found a roughly hewn altar of Beogh.
 19346 | Orc:3    | Found a flagged portal.
 19361 | Bailey   | Entered a bailey
 20291 | Orc:4    | Entered Level 4 of the Orcish Mines
 20390 | Orc:4    | Noticed Saint Roka
 20429 | Orc:4    | Killed Saint Roka
 20429 | Orc:4    | Reached skill level 17 in Shields
 20754 | Orc:4    | Reached skill level 1 in Stealth
 20761 | Orc:4    | Found a roughly hewn altar of Beogh.
 20789 | Orc:4    | Reached skill level 15 in Long Blades
 20799 | Orc:4    | Received a gift from Okawaru
 20837 | Orc:4    | Found Daikil's Antique Weapon Emporium.
 21085 | Orc:4    | Found Zeat's Antique Armour Emporium.
 21092 | Orc:4    | Bought a pair of embroidered boots for 157 gold pieces
 21118 | Orc:4    | Bought a glowing cloak for 157 gold pieces
 21758 | Orc:4    | Found Pream's Jewellery Emporium.
 21780 | Orc:4    | Found Piarphym's General Store.
 21805 | Orc:4    | Bought the ring of the Omega Point {Fire rElec rN+ Int-4 Dex+7 Slay+3} for 931 gold pieces
 22603 | Lair:1   | Entered Level 1 of the Lair of Beasts
 23559 | Lair:2   | Received a gift from Okawaru
 23732 | Lair:2   | Reached XP level 15. HP: 136/136 MP: 10/10
 24644 | Lair:3   | Received a gift from Okawaru
 25500 | Lair:3   | Reached skill level 18 in Shields
 25927 | Lair:4   | Found a hole to the Spider Nest.
 25930 | Lair:4   | Received a gift from Okawaru
 26783 | Lair:5   | Found a staircase to the Shoals.
 27511 | Lair:6   | Found a runed door.
 27732 | Lair:6   | Reached skill level 10 in Dodging
 28127 | Lair:7   | Found a viscous altar of Jiyva.
 28127 | Lair:7   | Found a staircase to the Slime Pits.
 28636 | Lair:8   | Entered Level 8 of the Lair of Beasts
 28692 | Lair:8   | Found a frozen archway.
 28701 | IceCv    | Entered an ice cave
 28939 | IceCv    | Got a scorched arbalest
 29121 | Lair:8   | Received a gift from Okawaru
 29733 | Lair:8   | Reached XP level 16. HP: 145/145 MP: 11/11
 29736 | Lair:8   | Reached skill level 19 in Shields
 30414 | Temple   | Identified the +12 arbalest "Adyhou" {flame, rN+} (You found it in an ice cave)
 30616 | Spider:1 | Entered Level 1 of the Spider Nest
 30633 | Lair:4   | Identified a scroll of acquirement
 30638 | Lair:4   | Got a crude scale mail
 30649 | Lair:4   | Identified the +2 scale mail "Ituumamom" {rCorr Int+2 Dex-3} (You acquired it on level 4 of the Lair of Beasts)
 30953 | Elf:1    | Entered Level 1 of the Elven Halls
 32197 | Elf:2    | Received a gift from Okawaru
 32484 | Elf:2    | Noticed Kirke
 32523 | Elf:2    | Killed Kirke
 32846 | Elf:2    | Found a runed gate.
 32846 | Elf:2    | Found a runed gate.
 32846 | Elf:2    | Found a runed gate.
 34088 | Elf:2    | Reached skill level 20 in Shields
 34768 | Elf:2    | Received a gift from Okawaru
 34769 | Elf:2    | Got a bloodstained mace {god gift}
 35205 | Elf:2    | Reached XP level 17. HP: 143/154 MP: 12/12
 35307 | Elf:3    | Entered Level 3 of the Elven Halls
 35413 | Elf:3    | Found a magical portal.
 35423 | WizLab   | Entered Wucad Mu's Monastery
 35707 | WizLab   | HP: 2/154 [grey draconian monk[old memories] (16)]
 36304 | WizLab   | Gained mutation: You can spit poison. [potion of beneficial mutation]
 36924 | Temple   | Identified the +9 mace of Dismemberment {drain, Int+5} (Okawaru gifted it to you on level 2 of the Elven Halls)
 37696 | Elf:3    | Gained mutation: You are resistant to hostile enchantments. [a neqoxec]
 38137 | Elf:3    | Reached skill level 15 in Fighting
 38347 | Elf:3    | Received a gift from Okawaru
 38591 | Elf:3    | Received a gift from Okawaru
 38863 | Elf:3    | Reached skill level 21 in Shields
 38901 | Elf:3    | HP: 3/156 [blizzard demon/bolt of cold[a deep elf demonologist] (31)]
 40049 | Elf:3    | Received a gift from Okawaru
 40493 | Elf:3    | Reached XP level 18. HP: 163/163 MP: 11/13
 40542 | Elf:3    | Got a flickering garnet amulet
 40617 | Elf:3    | Identified the amulet "Hophil" {Inacc +Blink MP-9 Int+3} (You found it on level 3 of the Elven Halls)
 40627 | Elf:3    | Got a brightly glowing scale mail
 40638 | Elf:3    | Identified the +2 scale mail of Kheaw {Int+4} (You found it on level 3 of the Elven Halls)
 40674 | Elf:3    | Got an ancient long sword
 40675 | Elf:3    | Lost intelligence.
 40675 | Elf:3    | Identified the +9 long sword "Hagrej" {freeze, rPois MR- Str+2} (You found it on level 3 of the Elven Halls)
 41612 | Elf:3    | Identified The Intricacies of the Arcane Arts (You found it on level 3 of the Elven Halls)
 41674 | Elf:3    | Got an ancient ring mail
 41685 | Elf:3    | Identified the +5 ring mail "Coecvuim" {rCorr Dex+2} (You found it on level 3 of the Elven Halls)
 41735 | Elf:3    | Got a twitching granite ring
 41736 | Elf:3    | Identified the ring "Azuxt" {rPois rF- rC+ MP+9 Dex+2} (You found it on level 3 of the Elven Halls)
 45473 | Spider:4 | Lost intelligence.
 45488 | Spider:3 | HP: 8/166 [demonic crawler (3)]
 45491 | Spider:3 | Slain by a ghost moth

Action                   |  1- 3 |  4- 6 |  7- 9 | 10-12 | 13-15 | 16-18 || total
-------------------------+-------+-------+-------+-------+-------+-------++-------
Melee: Long sword        |   100 |    98 |   180 |       |       |   244 ||   622
       Unarmed           |       |     3 |       |    23 |       |    27 ||    53
       Falchion          |       |       |   226 |   810 |  1951 |  1107 ||  4094
       Scimitar          |       |       |       |       |   142 |       ||   142
       Triple sword      |       |       |       |       |       |    38 ||    38
Invok: Heroism           |       |       |       |     2 |     7 |     7 ||    16
       Finesse           |       |       |       |       |     3 |     1 ||     4
Evoke: Wand              |       |       |       |       |       |     4 ||     4
  Use: Scroll            |       |       |    11 |    22 |    11 |    15 ||    59
       Potion            |       |       |       |     6 |     1 |    21 ||    28
 Stab: Sleeping          |       |       |       |       |     8 |     4 ||    12
       Fleeing           |       |       |       |       |     1 |       ||     1
       Distracted        |       |       |       |       |     1 |     4 ||     5
  Eat: Chunk             |       |     3 |    12 |    45 |    66 |    50 ||   176
       Fruit             |       |       |     1 |       |       |       ||     1
       Beef jerky        |       |       |     1 |       |       |       ||     1
       Royal jelly       |       |       |       |     1 |       |       ||     1
       Pizza             |       |       |       |       |       |     1 ||     1
